[Event "Titled Tuesday Blitz May 4 2021"]
[White "Pajeken, Jakob Leon"]
[Black "Carrasco Miranda, Andres"]
[WhiteFideId "12942839"]
[BlackFideId "3405990"]
[WhiteElo "2024"]
[BlackElo "2177"]
[Result "1-0"]
[Round "09"]
[TimeControl "180+1"]
[Date "2021.05.04"]
[WhiteClock "0:02:29"]
[BlackClock "0:02:27"]

1. d4 Nf6 2. Nf3 g6 3. g3 Bg7 4. Bg2 O-O 5. O-O c5 6. dxc5 Na6 7. Be3 Qa5 8. c3 b6 9. b4 Qb5 10. a4 Qc4 11. Nfd2 Qe6 12. Bxa8 bxc5 13. b5 Nc7 14. Bg2 Ng4 15. Bxc5 d6 16. Bxa7 Qf5 17. e4 Qh5 18. h3 1-0


[Site "https://www.chess.com"]

[Event "Titled Tuesday Blitz May 4 2021"]
[White "Pantzar, Milton"]
[Black "Jian, Alex"]
[WhiteFideId "1721003"]
[BlackFideId "30901022"]
[WhiteElo "2323"]
[BlackElo "2084"]
[Result "1-0"]
[Round "09"]
[TimeControl "180+1"]
[Date "2021.05.04"]
[WhiteClock "0:01:18"]
[BlackClock "0:01:22"]

1. c4 e6 2. Nf3 d5 3. d4 Nf6 4. Bg5 Be7 5. e3 O-O 6. Qc2 h6 7. Bxf6 Bxf6 8. Nc3 c6 9. h4 Nd7 10. g4 g6 11. g5 hxg5 12. hxg5 Bxg5 13. Nxg5 Qxg5 14. O-O-O b6 15. cxd5 cxd5 16. Bd3 Kg7 17. Rdg1 Qf6 18. f4 Bb7 19. Bb5 Rad8 20. Bxd7 Rxd7 21. Qh2 Rg8 22. Qh6# 1-0


[Site "https://www.chess.com"]

[Event "Titled Tuesday Blitz May 4 2021"]
[White "Pasti, Aron"]
[Black "Kiseljova, Marya"]
[WhiteFideId "785857"]
[BlackFideId "4155009"]
[WhiteElo "2082"]
[BlackElo "1797"]
[Result "1/2-1/2"]
[Round "09"]
[TimeControl "180+1"]
[Date "2021.05.04"]
[WhiteClock "0:00:13"]
[BlackClock "0:00:11"]

1. e4 c5 2. Nf3 Nc6 3. d4 cxd4 4. Nxd4 g6 5. c4 Bg7 6. Be3 d6 7. Nc3 Nf6 8. Be2 O-O 9. O-O Bd7 10. f4 Nxd4 11. Bxd4 Bc6 12. Bf3 a5 13. e5 dxe5 14. fxe5 Bxf3 15. Rxf3 Ng4 16. Rd3 Qc8 17. Nd5 Qxc4 18. Nb6 Qe6 19. Nxa8 Rxa8 20. Qb3 Qxb3 21. axb3 Bxe5 22. Bxe5 Nxe5 23. Rd5 Nc6 24. Rd7 Rb8 25. Kf2 h5 26. Rc1 Kg7 27. Rc5 Kf6 28. Rb5 b6 29. Rc7 Nd4 30. Rd5 Nxb3 31. Rdd7 Re8 32. Rc6+ Kg7 33. Rxb6 Nc5 34. Rd5 Ne4+ 35. Ke3 Nd6 36. Kd3 Ra8 37. Kd4 a4 38. Kc3 a3 39. bxa3 Rxa3+ 40. Rb3 Ra2 41. Rb2 Rxb2 42. Kxb2 Nc4+ 43. Kc3 Ne3 44. Rd2 Nf5 45. Kd3 Kf6 46. Ke4 Nd6+ 47. Kf3 Nf5 48. Ra2 e6 49. Ra4 g5 50. Ra5 g4+ 51. Kf4 Kg6 1/2-1/2


[Site "https://www.chess.com"]

[Event "Titled Tuesday Blitz May 4 2021"]
[White "PattyCastillo"]
[Black "Shankovskyi, Andrii"]
[BlackFideId "14121565"]
[WhiteElo "2027"]
[BlackElo "2269"]
[Result "1-0"]
[Round "09"]
[TimeControl "180+1"]
[Date "2021.05.04"]
[WhiteClock "0:00:38"]
[BlackClock "0:00:02"]

1. d4 e6 2. Nf3 d5 3. e3 Nf6 4. Bd3 Bd6 5. O-O O-O 6. b3 c5 7. Bb2 Nc6 8. Nbd2 Bd7 9. a3 b6 10. Ne5 cxd4 11. exd4 Qc7 12. Qe2 Rac8 13. Rac1 Rfe8 14. c4 Bxe5 15. dxe5 dxc4 16. bxc4 Nd5 17. cxd5 exd5 18. Nf3 Qb8 19. Ng5 h6 20. Qh5 hxg5 21. Qh7+ Kf8 22. Qh8+ Ke7 23. Qxg7 Rg8 24. Qf6+ Ke8 25. Rfe1 Be6 26. Bb5 Qb7 27. Rc2 a6 28. Be2 b5 29. Rec1 Qd7 30. Bh5 Rc7 31. h3 Rc8 32. Qf3 Rc7 33. Bg4 Rc8 34. Bxe6 Qxe6 35. Rd1 1-0


[Site "https://www.chess.com"]

[Event "Titled Tuesday Blitz May 4 2021"]
[White "Pein, Jonathan"]
[Black "Lauridsen, Jesper Morch"]
[WhiteFideId "417092"]
[BlackFideId "1401890"]
[WhiteElo "2167"]
[BlackElo "2284"]
[Result "1-0"]
[Round "09"]
[TimeControl "180+1"]
[Date "2021.05.04"]
[WhiteClock "0:00:06"]
[BlackClock "0:00:06"]

1. Nf3 Nf6 2. b3 g6 3. Bb2 Bg7 4. d4 O-O 5. g3 c5 6. Bg2 cxd4 7. Nxd4 Nc6 8. O-O Qa5 9. c4 Qh5 10. e3 Qxd1 11. Rxd1 Nxd4 12. exd4 d6 13. Nc3 Rb8 14. Re1 Re8 15. Re2 a6 16. Rae1 Kf8 17. h3 b5 18. cxb5 axb5 19. Bc6 Bd7 20. Bxd7 Nxd7 21. Nd5 e6 22. Ba3 b4 23. Bxb4 Rxb4 24. Nxb4 Bxd4 25. Nd3 Ra8 26. Rc1 e5 27. a4 Rb8 28. b4 Nb6 29. a5 Nd5 30. Rec2 Kg7 31. Rc8 Rb7 32. R8c4 g5 33. Kf1 f5 34. a6 Ra7 35. b5 f4 36. Nb4 Nxb4 37. Rxb4 fxg3 38. Rxd4 g2+ 39. Kxg2 exd4 40. Rc6 Kf7 41. Rxd6 Rc7 42. b6 Rc5 43. b7 Rb5 44. Rxd4 Rb6 45. Rd8 Ke7 46. b8=Q Rxb8 47. Rxb8 1-0


[Site "https://www.chess.com"]

[Event "Titled Tuesday Blitz May 4 2021"]
[White "Peralta, Eduardo"]
[Black "Klimkowski, Jan"]
[WhiteFideId "3700062"]
[BlackFideId "21856222"]
[WhiteElo "2205"]
[BlackElo "1903"]
[Result "0-1"]
[Round "09"]
[TimeControl "180+1"]
[Date "2021.05.04"]
[WhiteClock "0:00:09"]
[BlackClock "0:00:18"]

1. d4 Nf6 2. c4 e6 3. Nf3 Bb4+ 4. Bd2 Qe7 5. g3 Bxd2+ 6. Nbxd2 d6 7. Bg2 O-O 8. O-O e5 9. e4 Bg4 10. d5 a5 11. h3 Bxf3 12. Qxf3 Na6 13. Qc3 Nc5 14. Rae1 Nfd7 15. f4 Kh8 16. b3 Qf6 17. Qe3 exf4 18. gxf4 Rae8 19. Kh2 Qb2 20. a4 f5 21. Rb1 Qf6 22. Rbe1 fxe4 23. Nxe4 Nxe4 24. Bxe4 Nc5 25. Qf3 Qb2+ 26. Rf2 Qxb3 27. Re3 Qb6 28. Rfe2 h6 29. Qg4 Nxe4 30. Rxe4 Rxe4 31. Rxe4 Qf2+ 32. Kh1 Rf7 33. Re8+ Kh7 34. Re4 g5 35. fxg5 Qf1+ 36. Qg1 Qxh3+ 37. Qh2 Rf1# 0-1


[Site "https://www.chess.com"]

[Event "Titled Tuesday Blitz May 4 2021"]
[White "Perez Rodriguez, Jennifer"]
[Black "Tomb, Maroun"]
[WhiteFideId "3507831"]
[BlackFideId "5300398"]
[WhiteElo "2170"]
[BlackElo "2564"]
[Result "0-1"]
[Round "09"]
[TimeControl "180+1"]
[Date "2021.05.04"]
[WhiteClock "0:00:29"]
[BlackClock "0:00:34"]

1. e4 d6 2. d4 Nf6 3. Nc3 e5 4. dxe5 dxe5 5. Qxd8+ Kxd8 6. Bc4 Ke8 7. Bg5 c6 8. O-O-O Nbd7 9. Nge2 Bc5 10. f3 a5 11. a4 h6 12. Bd2 Ke7 13. Ng3 g6 14. Rhe1 Nb6 15. Bb3 Be6 16. Bxe6 Kxe6 17. Be3 Bxe3+ 18. Rxe3 Rad8 19. Red3 Rxd3 20. Rxd3 h5 21. Nf1 Nfd7 22. Ne3 Nc5 23. Rd2 Ncxa4 24. Nxa4 Nxa4 25. Nc4 Ra8 26. b3 Nc5 27. Nb6 Rh8 28. Nc4 a4 29. b4 Na6 30. c3 Nc7 31. Na5 Rb8 32. c4 Na6 33. b5 cxb5 34. cxb5 Nc5 35. Kb2 f5 36. exf5+ gxf5 37. Kc3 Rc8 38. Kb4 e4 39. fxe4 fxe4 40. Nc4 Nd3+ 41. Kc3 Ne5 0-1


[Site "https://www.chess.com"]

[Event "Titled Tuesday Blitz May 4 2021"]
[White "Petrova, Irina"]
[Black "Shukhman, Anna"]
[WhiteFideId "14124122"]
[BlackFideId "54180058"]
[WhiteElo "2022"]
[BlackElo "1628"]
[Result "1/2-1/2"]
[Round "09"]
[TimeControl "180+1"]
[Date "2021.05.04"]
[WhiteClock "0:00:23"]
[BlackClock "0:00:30"]

1. e4 c5 2. Nf3 e6 3. c4 d5 4. exd5 exd5 5. cxd5 Nf6 6. Nc3 Nxd5 7. Bb5+ Nc6 8. O-O Be7 9. Re1 Be6 10. Ne5 Rc8 11. Nxd5 Bxd5 12. Nxc6 Bxc6 13. Qe2 Rc7 14. d4 O-O 15. Bf4 Bd6 16. Bxd6 Qxd6 17. dxc5 Qxc5 18. Rac1 Qd5 19. Bxc6 Rxc6 20. Rxc6 Qxc6 21. h3 h6 22. Qe3 a6 23. Qb3 Rd8 24. Re7 Qc1+ 25. Kh2 Qf4+ 26. Qg3 Qxg3+ 27. Kxg3 b5 28. Ra7 Rd2 29. Rxa6 Rxb2 30. Kf3 Kf8 31. h4 Ke7 32. g3 b4 33. Ke3 b3 34. axb3 Rxb3+ 35. Kf4 Rb4+ 36. Kf3 Rb3+ 37. Kg2 h5 38. Ra7+ Kf6 39. Ra6+ Ke7 40. Ra5 g6 41. Ra7+ Kf6 42. Ra6+ Kg7 43. Ra7 Rc3 44. Ra6 Rb3 45. Ra7 Rc3 46. Ra6 Rb3 1/2-1/2


[Site "https://www.chess.com"]

[Event "Titled Tuesday Blitz May 4 2021"]
[White "Pichot, Alan"]
[Black "Manolache, Marius"]
[WhiteFideId "110973"]
[BlackFideId "1201530"]
[WhiteElo "2622"]
[BlackElo "2391"]
[Result "0-1"]
[Round "09"]
[TimeControl "180+1"]
[Date "2021.05.04"]
[WhiteClock "0:00:04"]
[BlackClock "0:01:49"]

1. e4 c5 2. Nf3 e6 3. d4 cxd4 4. Nxd4 a6 5. c4 Nf6 6. Nc3 Qc7 7. Be2 h5 8. h3 Be7 9. O-O Nc6 10. Be3 Ne5 11. Rc1 d6 12. f4 Ng6 13. b4 b6 14. Nd5 exd5 15. cxd5 Qd7 16. Qd3 Bb7 17. Nf5 O-O 18. Bd4 Bd8 19. g4 Re8 20. Ng3 h4 21. Nf5 Nxe4 22. Nxg7 Ng3 23. Nxe8 Qxe8 24. Bf3 Nxf4 25. Qd2 Nfe2+ 26. Kh2 Nxd4 27. Qxd4 Nxf1+ 28. Rxf1 Qe5+ 29. Qxe5 dxe5 30. Rc1 Rc8 31. Rxc8 Bxc8 32. Be4 Be7 33. a3 a5 0-1


[Site "https://www.chess.com"]

[Event "Titled Tuesday Blitz May 4 2021"]
[White "Piesik, Piotr"]
[Black "Sevian, Samuel"]
[WhiteFideId "1136194"]
[BlackFideId "2040506"]
[WhiteElo "2369"]
[BlackElo "2918"]
[Result "1-0"]
[Round "09"]
[TimeControl "180+1"]
[Date "2021.05.04"]
[WhiteClock "0:01:26"]
[BlackClock "0:00:05"]

1. Nf3 Nf6 2. g3 g6 3. Bg2 Bg7 4. O-O O-O 5. d4 d6 6. Nbd2 Nbd7 7. e4 e5 8. dxe5 Nxe5 9. Nxe5 dxe5 10. Qe2 Qe7 11. b3 Rd8 12. a4 b6 13. Bb2 Qe8 14. Rfd1 a5 15. Qe1 Ba6 16. Bf1 Bb7 17. f3 h5 18. Nc4 Nd7 19. Ba3 Nf8 20. Bh3 Ne6 21. Rxd8 Rxd8 22. Bxe6 Qxe6 23. Rd1 Rd7 24. Rxd7 Qxd7 25. Qd2 Qe8 26. Qd3 h4 27. Ne3 hxg3 28. hxg3 Bf8 29. Bxf8 Qxf8 30. Ng4 Qc5+ 31. Kg2 Kg7 32. Qd2 Bc8 33. Qh6+ Kg8 34. Nf6# 1-0


[Site "https://www.chess.com"]

[Event "Titled Tuesday Blitz May 4 2021"]
[White "Pinto, Daniel"]
[Black "Bartel, Michal"]
[WhiteFideId "3303144"]
[BlackFideId "1119257"]
[WhiteElo "1936"]
[BlackElo "2271"]
[Result "1/2-1/2"]
[Round "09"]
[TimeControl "180+1"]
[Date "2021.05.04"]
[WhiteClock "0:00:11"]
[BlackClock "0:01:33"]

1. e4 e5 2. Nf3 Nc6 3. d4 exd4 4. Nxd4 g6 5. Nxc6 bxc6 6. Bd3 Bg7 7. O-O Ne7 8. Nc3 Rb8 9. f4 d5 10. e5 c5 11. b3 c6 12. Na4 f6 13. Nxc5 fxe5 14. fxe5 Bxe5 15. Bf4 Bd4+ 16. Kh1 Bxc5 17. Bxb8 Bf5 18. Be5 O-O 19. Bxf5 Nxf5 20. Rf3 Qh4 21. Qe1 Qh5 22. Bc3 Bd6 23. Qe6+ Rf7 24. Qe8+ Rf8 25. Qe6+ Rf7 26. Qe8+ Rf8 27. Qe6+ 1/2-1/2


[Site "https://www.chess.com"]

[Event "Titled Tuesday Blitz May 4 2021"]
[White "Preotu, Razvan"]
[Black "Matinian, Nikita"]
[WhiteFideId "2613280"]
[BlackFideId "24129100"]
[WhiteElo "2407"]
[BlackElo "2410"]
[Result "0-1"]
[Round "09"]
[TimeControl "180+1"]
[Date "2021.05.04"]
[WhiteClock "0:02:19"]
[BlackClock "0:02:13"]

1. e4 e5 2. Nf3 Nc6 3. Bc4 Nf6 4. Ng5 d5 5. exd5 Na5 6. Bb5+ c6 7. dxc6 bxc6 8. Bd3 Nd5 9. Nf3 Bd6 10. O-O Nf4 11. Nc3 O-O 12. Be2 f5 13. d3 Nxe2+ 14. Qxe2 Qc7 15. Re1 Bd7 16. Nxe5 Bxe5 17. Qxe5 Rae8 0-1


[Site "https://www.chess.com"]

[Event "Titled Tuesday Blitz May 4 2021"]
[White "Priyanka, K"]
[Black "Podetti, Davide"]
[WhiteFideId "5082986"]
[BlackFideId "893617"]
[WhiteElo "1893"]
[BlackElo "2131"]
[Result "1-0"]
[Round "09"]
[TimeControl "180+1"]
[Date "2021.05.04"]
[WhiteClock "0:00:05"]
[BlackClock "0:00:43"]

1. e4 e5 2. Nf3 Nc6 3. Bb5 a6 4. Ba4 Nf6 5. d3 b5 6. Bb3 Bc5 7. Nc3 h6 8. Nd5 d6 9. c3 O-O 10. Nxf6+ Qxf6 11. Bd5 Bd7 12. Rg1 Rad8 13. g4 Qg6 14. g5 Qh5 15. gxh6 g6 16. Rg5 Qxh6 17. Rg4 Qh3 18. Rxg6+ Kh7 19. Rh6+ Qxh6 20. Bxh6 Kxh6 21. Qd2+ Kh7 22. Qg5 f5 23. O-O-O Bxf2 24. Qh5+ Kg7 25. Rf1 Kf6 26. Qg5# 1-0


[Site "https://www.chess.com"]

[Event "Titled Tuesday Blitz May 4 2021"]
[White "Prraneeth Vuppala"]
[Black "Velickovic, Zoran"]
[WhiteFideId "46622373"]
[BlackFideId "14601184"]
[WhiteElo "1759"]
[BlackElo "2342"]
[Result "1-0"]
[Round "09"]
[TimeControl "180+1"]
[Date "2021.05.04"]
[WhiteClock "0:00:53"]
[BlackClock "0:00:14"]

1. e4 c5 2. Nf3 g6 3. d4 cxd4 4. Nxd4 Bg7 5. c4 Nc6 6. Be3 Nf6 7. Nc3 Nxd4 8. Bxd4 Qa5 9. Qd2 Nxe4 10. Qe3 Bxd4 11. Qxd4 Nf6 12. O-O-O O-O 13. Bd3 d6 14. h4 h5 15. f3 Bf5 16. g4 hxg4 17. h5 Bxd3 18. Rxd3 Qg5+ 19. Kb1 gxh5 20. fxg4 hxg4 21. Ne4 Nxe4 22. Qh8# 1-0


[Site "https://www.chess.com"]

[Event "Titled Tuesday Blitz May 4 2021"]
[White "Prydun, Andriy"]
[Black "Matthiesen, Martin"]
[WhiteFideId "14145898"]
[BlackFideId "1404067"]
[WhiteElo "2033"]
[BlackElo "2337"]
[Result "1-0"]
[Round "09"]
[TimeControl "180+1"]
[Date "2021.05.04"]
[WhiteClock "0:01:28"]
[BlackClock "0:00:13"]

1. d4 Nf6 2. Nc3 d5 3. Bf4 c5 4. e3 cxd4 5. exd4 a6 6. Bd3 Nc6 7. Nf3 Bg4 8. Be5 e6 9. h3 Bxf3 10. Qxf3 Nxe5 11. dxe5 Nd7 12. Qg3 Qc7 13. f4 g6 14. a3 Qb6 15. Rb1 Be7 16. Ne2 O-O 17. h4 Nc5 18. h5 Nxd3+ 19. cxd3 Rac8 20. Qh3 Qa5+ 21. b4 Qxa3 22. hxg6 Bxb4+ 23. Kf1 1-0


[Site "https://www.chess.com"]

[Event "Titled Tuesday Blitz May 4 2021"]
[White "Quintiliano Pinto, Renato R."]
[Black "Vasquez Schroeder, Rodrigo"]
[WhiteFideId "2117568"]
[BlackFideId "3400042"]
[WhiteElo "2439"]
[BlackElo "2572"]
[Result "1/2-1/2"]
[Round "09"]
[TimeControl "180+1"]
[Date "2021.05.04"]
[WhiteClock "0:00:05"]
[BlackClock "0:00:40"]

1. d4 Nf6 2. c4 e6 3. Nf3 c5 4. d5 d6 5. Nc3 exd5 6. cxd5 g6 7. e4 a6 8. Bd3 b5 9. h3 Bg7 10. O-O Nbd7 11. Bf4 c4 12. Bxd6 cxd3 13. e5 Nh5 14. Re1 Nb6 15. Qxd3 Nc4 16. Ne4 Bf5 17. Bb4 Nf4 18. Nf6+ Bxf6 19. exf6+ Kd7 20. Qd4 Nd3 21. Re7+ Kc8 22. b3 Qb6 23. bxc4 Qxd4 24. Nxd4 Nxb4 25. cxb5 axb5 26. Rc1+ Kd8 27. Nc6+ Nxc6 28. dxc6 Be6 29. Rd1+ Kc8 30. Rd6 Rd8 31. Rxd8+ Kxd8 32. c7+ Kc8 33. f4 Rxa2 34. Rxe6 Rc2 35. Re8+ Kxc7 36. Re7+ Kb6 37. Rxf7 Rc6 38. Rf8 Kb7 39. f7 Rf6 40. Kh2 Rxf4 41. Kg3 Rf5 42. Kh4 h6 43. g4 Rf6 44. g5 Rf4+ 45. Kg3 hxg5 46. h4 b4 47. hxg5 Rf5 48. Kg4 b3 49. Rh8 Rxf7 50. Rh3 Kc6 51. Rc3+ Kd5 52. Rxb3 Rc7 53. Rb6 Rc6 54. Rb7 Ke5 55. Rf7 Rc4+ 56. Kg3 Rc6 57. Rf8 Ke4 58. Rf7 Rc5 59. Kg4 Rc6 60. Rf6 Kd5 61. Rf8 Re6 62. Rf7 Kd6 63. Rf3 Re4+ 64. Kg3 Kd5 65. Rf7 Re6 66. Kg4 Ke5 67. Rf1 Rc6 68. Re1+ Kd4 69. Rf1 Ke5 70. Re1+ Kd4 71. Rf1 Ke5 1/2-1/2


[Site "https://www.chess.com"]

[Event "Titled Tuesday Blitz May 4 2021"]
[White "Quirke, Jeffrey"]
[Black "davigator"]
[WhiteFideId "2013029"]
[WhiteElo "2246"]
[BlackElo "2403"]
[Result "0-1"]
[Round "09"]
[TimeControl "180+1"]
[Date "2021.05.04"]
[WhiteClock "0:00:30"]
[BlackClock "0:01:23"]

1. d4 Nf6 2. c4 e6 3. Nc3 Bb4 4. Qc2 c5 5. dxc5 Nc6 6. Nf3 h6 7. Bf4 Bxc5 8. a3 Nh5 9. Bg3 O-O 10. Rd1 b6 11. e3 Bb7 12. Be2 Rc8 13. O-O a6 14. Bd6 Bxd6 15. Rxd6 Nf6 16. Rfd1 Qc7 17. b4 Nb8 18. Qb3 Kh8 19. Ne5 Ne8 20. Rxd7 Nxd7 21. Rxd7 Qxe5 22. Rxb7 b5 23. c5 Nd6 24. Ra7 Nc4 25. Rxa6 Rcd8 26. Bxc4 bxc4 27. Qxc4 Qxc3 0-1


[Site "https://www.chess.com"]

[Event "Titled Tuesday Blitz May 4 2021"]
[White "Rakotomaharo, Fy Antenaina"]
[Black "Trost, Edvin"]
[WhiteFideId "13100050"]
[BlackFideId "1729519"]
[WhiteElo "2378"]
[BlackElo "2028"]
[Result "1-0"]
[Round "09"]
[TimeControl "180+1"]
[Date "2021.05.04"]
[WhiteClock "0:01:12"]
[BlackClock "0:00:29"]

1. e4 g6 2. d4 Nf6 3. e5 Nh5 4. Bb5 c6 5. Be2 d6 6. Bxh5 gxh5 7. Qxh5 dxe5 8. dxe5 Rg8 9. Nc3 Rxg2 10. Nge2 Bg4 11. Qxh7 Nd7 12. Nf4 Bf3 13. Nxg2 Bxg2 14. Rg1 Bf3 15. e6 Ne5 16. Rg8 fxe6 17. Rxf8+ Kxf8 18. Qh8+ Kf7 19. Qxe5 Bd5 20. Bf4 Qb6 21. O-O-O Rg8 22. Qh5+ Kf8 23. Bh6+ Rg7 24. Bxg7+ Kxg7 25. Rg1+ Kf8 26. Qh8+ Kf7 27. Qg8+ Kf6 28. Qg7+ Kf5 29. Qg5# 1-0


[Site "https://www.chess.com"]

[Event "Titled Tuesday Blitz May 4 2021"]
[White "Rakshitta, Ravi"]
[Black "Simonovic, Miroslav"]
[WhiteFideId "25073230"]
[BlackFideId "919152"]
[WhiteElo "1873"]
[BlackElo "2043"]
[Result "0-1"]
[Round "09"]
[TimeControl "180+1"]
[Date "2021.05.04"]
[WhiteClock "0:00:54"]
[BlackClock "0:00:22"]

1. e4 c5 2. Nf3 Nc6 3. Nc3 e5 4. Bc4 g6 5. d3 h6 6. O-O Bg7 7. Be3 d6 8. Nd2 Nge7 9. f4 exf4 10. Bxf4 O-O 11. Nf3 Bg4 12. Qd2 Kh7 13. h3 Be6 14. Bb3 d5 15. exd5 Nxd5 16. Nxd5 Bxd5 17. Bxd5 Qxd5 18. Rae1 Rfe8 19. Bg3 Qxa2 20. Rxe8 Rxe8 21. Nh4 f5 22. Qf4 Qxb2 23. Nxg6 Qd4+ 24. Kh2 Qxf4 25. Nxf4 Be5 26. Nd5 Bxg3+ 27. Kxg3 Kg6 28. Kf4 Re2 29. c3 Rxg2 30. Ke3 Rg3+ 31. Ke2 Kg5 32. h4+ Kxh4 33. Rxf5 Rg5 34. Rf6 Rxd5 35. Rxh6+ Kg5 36. Rh7 Na5 37. Ke3 Kf5 38. Rh5+ Ke6 39. Rh6+ Kd7 40. Ke4 Rd6 41. Rh7+ Kc6 42. d4 cxd4 43. cxd4 Nb3 44. Ke5 Nxd4 45. Rh1 Nb5 46. Rc1+ Kd7 47. Rh1 a6 48. Rh7+ Kc6 49. Rh8 Rd5+ 50. Ke4 Rd4+ 51. Ke5 b6 52. Rh6+ Kc5 53. Rh8 a5 54. Rc8+ Kb4 55. Rc1 a4 56. Rb1+ Ka5 57. Ra1 Rd2 58. Ke4 a3 59. Ke3 Rd7 60. Rb1 Ka4 61. Ke4 Nc3+ 62. Ke3 Nxb1 63. Ke2 a2 64. Ke3 a1=Q 65. Kf4 Qd4+ 66. Kf3 Qd6 67. Ke2 Qe6+ 68. Kf2 Rf7+ 69. Kg2 Qg6+ 70. Kh2 Rh7# 0-1


[Site "https://www.chess.com"]

[Event "Titled Tuesday Blitz May 4 2021"]
[White "Ranindu2003"]
[Black "Ognean, Mihnea-Ionut"]
[BlackFideId "1232347"]
[WhiteElo "2571"]
[BlackElo "2012"]
[Result "0-1"]
[Round "09"]
[TimeControl "180+1"]
[Date "2021.05.04"]
[WhiteClock "0:00:07"]
[BlackClock "0:00:08"]

1. e4 c5 2. Nf3 Nc6 3. d4 cxd4 4. c3 Nf6 5. e5 Nd5 6. cxd4 d6 7. Bc4 dxe5 8. dxe5 Ndb4 9. Qb3 e6 10. O-O Na5 11. Bb5+ Bd7 12. Qa4 Bxb5 13. Qxb5+ Nac6 14. a3 Qd5 15. Qxd5 Nxd5 16. b4 Be7 17. Bb2 O-O 18. Nbd2 Rfd8 19. Ne4 Nf4 20. Rfd1 Nd3 21. Bc3 Rd5 22. g3 Rad8 23. Rd2 Ndxe5 24. Nxe5 Rxd2 25. Bxd2 Nxe5 26. Bf4 Nc4 27. Kf1 h6 28. Ke2 g5 29. Be3 a6 30. Bc5 Kf8 31. a4 f5 32. Bxe7+ Kxe7 33. Nc5 Nd6 34. Rc1 Rc8 35. Kd2 g4 36. Rb1 b5 37. axb5 axb5 38. Ra1 Nc4+ 39. Kc3 Rc7 40. Ra8 Nd6 41. Rh8 Nf7 42. Ra8 Kf6 43. Ra5 Nd6 44. Kd4 Ke7 45. Ra6 h5 0-1


[Site "https://www.chess.com"]

[Event "Titled Tuesday Blitz May 4 2021"]
[White "Real De Azua, Ernesto"]
[Black "Suarez Uriel, Adrian"]
[WhiteFideId "108154"]
[BlackFideId "22230874"]
[WhiteElo "2476"]
[BlackElo "2299"]
[Result "1-0"]
[Round "09"]
[TimeControl "180+1"]
[Date "2021.05.04"]
[WhiteClock "0:00:09"]
[BlackClock "0:00:01"]

1. e4 c5 2. Nf3 Nc6 3. Bb5 e5 4. O-O Bd6 5. c3 a6 6. Ba4 Nge7 7. d4 cxd4 8. cxd4 exd4 9. Nxd4 Qc7 10. Nf3 b5 11. Bb3 Na5 12. Nc3 Bb7 13. Nd5 Nxd5 14. Bxd5 O-O 15. Bd2 Nc4 16. Bc3 Rae8 17. Rc1 Bxd5 18. Qxd5 Qc6 19. Qd4 f6 20. b3 Ne5 21. Bb4 Nxf3+ 22. gxf3 Be5 23. Rxc6 Bxd4 24. Rxa6 Rf7 25. Rd1 Be5 26. Rb6 f5 27. Rxb5 fxe4 28. fxe4 Re6 29. Rbd5 Rg6+ 30. Kf1 Bxh2 31. Rxd7 Rg1+ 32. Ke2 Rf4 33. Rxg1 Rxe4+ 34. Kf3 Rf4+ 35. Ke3 1-0


[Site "https://www.chess.com"]

[Event "Titled Tuesday Blitz May 4 2021"]
[White "Remolar Gallen, Jose"]
[Black "Sarkar, Justin"]
[WhiteFideId "2215187"]
[BlackFideId "2010011"]
[WhiteElo "2203"]
[BlackElo "2140"]
[Result "1-0"]
[Round "09"]
[TimeControl "180+1"]
[Date "2021.05.04"]
[WhiteClock "0:00:09"]
[BlackClock "0:00:01"]

1. d4 Nf6 2. c4 g6 3. Nc3 d5 4. Bg5 Ne4 5. Bh4 Nxc3 6. bxc3 dxc4 7. e3 Be6 8. Be2 Nd7 9. Nh3 Bh6 10. a4 O-O 11. Qb1 Rb8 12. Bg5 Bxg5 13. Nxg5 Bd5 14. e4 e6 15. h4 Bc6 16. Bxc4 Nb6 17. Bb3 a5 18. Qd3 Qe7 19. Qg3 h6 20. f4 1-0


[Site "https://www.chess.com"]

[Event "Titled Tuesday Blitz May 4 2021"]
[White "Rios Parra, Alejandro"]
[Black "Bugayev, Vladimir"]
[WhiteFideId "4400348"]
[BlackFideId "30901480"]
[WhiteElo "2188"]
[BlackElo "2329"]
[Result "1-0"]
[Round "09"]
[TimeControl "180+1"]
[Date "2021.05.04"]
[WhiteClock "0:00:55"]
[BlackClock "0:00:36"]

1. e4 c6 2. d4 d5 3. Nc3 dxe4 4. Nxe4 Nf6 5. Nxf6+ exf6 6. Bc4 Na6 7. Qe2+ Be7 8. Be3 Nc7 9. O-O-O Be6 10. Bb3 Bxb3 11. axb3 O-O 12. Nf3 a5 13. Kb1 a4 14. bxa4 Rxa4 15. c3 Qa8 16. Kc2 Ra2 17. Qc4 Nb5 18. Qb3 Qa6 19. Kd2 Ra8 20. Ne1 Qb6 21. Nc2 Qc7 22. g3 g5 23. Ra1 Rxa1 24. Rxa1 Rd8 25. Ke2 Qd7 26. Kf1 Qh3+ 27. Kg1 Nd6 28. Ra7 Bf8 29. c4 Re8 30. c5 Nf5 31. Rxb7 h5 32. Qxf7+ Kh8 33. Qh7# 1-0


[Site "https://www.chess.com"]

[Event "Titled Tuesday Blitz May 4 2021"]
[White "Rodriguez, Santiago"]
[Black "Zhou, Qiyu"]
[WhiteFideId "3000591"]
[BlackFideId "505161"]
[WhiteElo "2256"]
[BlackElo "1925"]
[Result "1-0"]
[Round "09"]
[TimeControl "180+1"]
[Date "2021.05.04"]
[WhiteClock "0:00:17"]
[BlackClock "0:00:17"]

1. d4 Nf6 2. Bg5 Ne4 3. Bf4 d5 4. e3 g6 5. Bd3 Bg7 6. Bxe4 dxe4 7. Nc3 Bf5 8. g4 Be6 9. Nxe4 Bd5 10. Qd3 f5 11. gxf5 gxf5 12. Ng5 e6 13. c4 Bxh1 14. Nxe6 Qe7 15. Nxc7+ Kd8 16. Nxa8 Na6 17. O-O-O b6 18. Nh3 Bxa8 19. Qxf5 Be4 20. Qb5 Nc7 21. Qa4 a5 22. Ng5 Bf5 23. d5 Qb4 24. Qxb4 axb4 25. Nf7+ Kd7 26. Nxh8 Bxh8 27. Rg1 Bg6 28. h4 Na6 29. h5 Bxh5 30. Rg8 Bf6 31. Rf8 Bg7 32. Ra8 Nc5 33. Ra7+ 1-0


[Site "https://www.chess.com"]

[Event "Titled Tuesday Blitz May 4 2021"]
[White "Roebers, Jan"]
[Black "Garcia Fuentes, Sergio Miguel"]
[WhiteFideId "1007815"]
[BlackFideId "7300549"]
[WhiteElo "2202"]
[BlackElo "2167"]
[Result "0-1"]
[Round "09"]
[TimeControl "180+1"]
[Date "2021.05.04"]
[WhiteClock "0:00:05"]
[BlackClock "0:00:05"]

1. e4 c5 2. Nf3 e6 3. d4 cxd4 4. c3 dxc3 5. Nxc3 a6 6. Bc4 b5 7. Bb3 Nc6 8. Qe2 Nge7 9. O-O Ng6 10. Bg5 Be7 11. Bxe7 Qxe7 12. e5 O-O 13. Rfe1 f5 14. exf6 Qxf6 15. Rad1 d5 16. a3 Nf4 17. Qe3 Bd7 18. g3 Ng6 19. Nd4 Nxd4 20. Qxd4 Qxd4 21. Rxd4 Rae8 22. f4 Ne7 23. Rdd1 Nc6 24. Ne4 Na5 25. Ba2 Nc4 26. Nc5 Bc8 27. Re2 Kf7 28. Rde1 Re7 29. f5 e5 30. Bxc4 bxc4 31. Rxe5 Rfe8 32. Rxe7+ Rxe7 33. Rxe7+ Kxe7 34. Kf2 Kd6 35. Na4 Bxf5 36. Ke3 Ke5 37. Nc5 d4+ 38. Kd2 Bc8 39. b4 Kd5 40. h4 c3+ 41. Kc2 Kc4 0-1


[Site "https://www.chess.com"]